Map: Realities Simulation LE

Players

couchman

  • Race: Terran Terran

Ecrotoss

  • Race: Protoss Protoss

SneakyWolfe

  • Race: Terran Terran

drnavorious - Winner!

  • Race: Terran Terran

CBagRun - Winner!

  • Race: Zerg Zerg

HORSES - Winner!

  • Race: Zerg Zerg

VOD

Have the link to the VOD?

Description

Time

  • Played on: Dec. 13, 2021, 12:41 a.m.
  • Length: 29:19
Show
View Real Time Build Order
Export as new Build Order

couchman Terran 

Build Orders: Command Center First (CC) 

Get SALT Encoding   

  12  0:00  SCV  
  13  0:17  SCV  
  14  0:25  Supply Depot  
  14  0:31  SCV  
  15  0:46  SCV  
  16  0:58  SCV  
  17  1:05  Command Center  
  18  1:11  SCV  
  18  1:15  Refinery  
  18  1:24  SCV  
  19  1:33  Refinery  
  19  1:43  SCV  
  20  1:55  SCV  
  21  2:08  SCV  
  22  2:20  SCV  
  22  2:21  Supply Depot  
  23  2:32  SCV  
  24  2:44  SCV, Command Center  
  25  2:56  SCV  
  26  3:01  Barracks  
  26  3:08  SCV  
  26  3:12  Engineering Bay  
  27  3:20  SCV  
  28  3:30  SCV  
  29  3:40  Terran Infantry Weapons Level 1  
  29  3:42  SCV  
  29  3:48  Command Center  
  30  3:49  Supply Depot  
  30  3:54  SCV  
  31  3:57  Barracks Tech Lab  
  31  4:09  Command Center  
  31  4:13  Refinery  
  31  4:20  Orbital Command  
  31  4:27  Marine  
  32  4:43  SCV  
  32  4:45  Marine  
  34  4:46  SCV  
  35  4:55  SCV  
  35  4:58  SCV  
  37  5:07  SCV  
  37  5:11  SCV  
  38  5:19  SCV  
  39  5:23  SCV  
  39  5:26  Marine  
  41  5:31  Barracks  
  41  5:35  Terran Infantry Armor Level 1  
  41  5:36  Stimpack  
  41  5:44  Marine  
  41  5:49  SCV  
  43  5:53  SCV  
  43  5:54  SCV  
  45  6:01  SCV  
  45  6:02  Marine  
  48  6:04  SCV  
  48  6:05  SCV  
  48  6:06  SCV  
  50  6:13  SCV, Refinery  
  50  6:16  SCV  
  50  6:17  SCV  
  53  6:19  Marine, SCV  
  53  6:20  Barracks  
  53  6:25  Factory  
  55  6:26  SCV  
  55  6:28  SCV  
  55  6:29  SCV  
  55  6:31  SCV  
  55  6:32  SCV  
  60  6:37  Marine  
  60  6:38  SCV  
  62  6:40  SCV  
  62  6:43  SCV  
  62  6:44  SCV  
  65  6:50  SCV  
  65  6:52  SCV  
  65  6:54  Barracks Reactor  
  67  6:55  Marine  
  67  6:56  SCV  
  69  7:08  SCV  
  69  7:10  Supply Depot  
  70  7:22  SCV  
  71  7:26  Refinery  
  71  7:27  SCV  
  71  7:28  SCV  
  71  7:29  Neosteel Armor  
  73  7:30  SCV  
  73  7:31  SCV  
  73  7:32  Supply Depot  
  73  7:34  SCV  
  76  7:39  SCV  
  76  7:40  SCV  
  76  7:42  SCV  
  76  7:43  SCV  
  80  7:46  SCV  
  81  7:52  SCV  
  81  7:54  SCV  
  81  7:55  Supply Depot, SCV  
  83  8:05  SCV  
  84  8:08  Barracks Reactor, SCV  
  84  8:09  Marine x3  
  84  8:12  Widow Mine  
  90  8:19  Starport  
  90  8:20  SCV  
  90  8:21  SCV  
  92  8:27  Marine, Refinery  
  92  8:30  Refinery  
  92  8:32  SCV  
  92  8:33  SCV, Refinery, Widow Mine  
  97  8:39  Marine x2  
  99  8:44  SCV  
  99  8:45  Marine, SCV  
  99  8:48  Supply Depot  
  102  8:52  SCV  
  102  8:55  Starport, Widow Mine  
  105  8:56  Marine, SCV  
  105  8:57  Marine, SCV  
  109  9:02  Marine  
  109  9:04  SCV  
  109  9:09  SCV  
  112  9:11  Supply Depot  
  112  9:12  Supply Depot  
  112  9:14  Marine x2  
  112  9:16  Widow Mine  
  116  9:20  Marine  
  117  9:32  Marine x2  
  117  9:34  Supply Depot  
  117  9:35  Supply Depot  
  117  9:37  Widow Mine  
  121  9:50  Marine, Starport Tech Lab  
  122  9:56  Starport Tech Lab  
  122  9:57  Supply Depot x2  
  122  10:02  Fusion Core  
  122  10:04  Marine x4  
  122  10:06  Combat Shield  
  114  10:08  Marine  
  114  10:09  Hi-Sec Auto Tracking  
  110  10:19  Supply Depot  
  110  10:22  Marine x4  
  110  10:26  Marine  
  114  10:39  Marine  
  114  10:40  Marine x3  
  116  10:50  Armory  
  116  10:52  Refinery, Command Center  
  105  10:58  Refinery  
  104  11:40  SCV  
  105  11:52  SCV  
  78  12:04  Battlecruiser x2, SCV  
  91  12:11  Weapon Refit  
  91  12:13  Terran Vehicle And Ship Armor Level 1  
  91  12:15  Marine x2  
  91  12:16  Marine x3  
  91  12:22  Starport  
  96  12:29  SCV  
  97  12:33  Marine x3  
  97  12:34  SCV  
  101  12:41  SCV  
  102  12:46  SCV  
  103  12:53  SCV  
  104  12:58  SCV  
  104  12:59  Starport  
  104  13:03  Marine  
  104  13:04  Marine x4  
  110  13:06  Starport Tech Lab  
  110  13:08  Battlecruiser x2  
  122  13:15  Hellion  
  124  13:21  Marine  
  124  13:22  Marine x4  
  129  13:37  Battlecruiser  
  129  13:38  Starport Tech Lab  
  135  14:07  Terran Ship Weapons Level 1  
  135  14:12  Battlecruiser  
  135  14:13  Battlecruiser  
  127  14:41  Battlecruiser  
  112  14:49  Battlecruiser  
  118  14:58  Command Center  
  118  15:01  Command Center  
  118  15:07  Bunker  
  118  15:11  Barracks  
  118  15:15  Marine  
  118  15:16  Marine x4, Battlecruiser  
  118  15:17  Battlecruiser  
  135  15:33  Marine x2  
  135  15:34  Marine x3  
  140  15:37  Bunker  
  140  15:45  Battlecruiser  
  146  15:51  Marine x3  
  146  15:52  Marine x2  
  146  15:54  Battlecruiser  
  157  16:01  Barracks  
  157  16:07  Bunker  
  157  16:09  Marine x4  
  157  16:10  Marine  
  161  16:21  Battlecruiser x2  
  172  16:27  Marine x5  
  177  16:45  Marine x5  
  182  16:50  Battlecruiser, Barracks  
  188  16:58  Battlecruiser  
  194  17:03  Marine  
  194  17:18  Marine x2  
  184  17:36  Marine x2  
  178  18:16  Marine x2  
  178  18:17  SCV  
  178  18:19  Battlecruiser  
  168  18:20  Battlecruiser  
  165  18:29  SCV  
  149  18:34  Marine x2  
  149  18:41  SCV  
  136  18:53  SCV  
  133  19:05  SCV  
  62  19:52  Missile Turret  
  56  19:58  Marine, Missile Turret  
  56  19:59  Marine x4  
  61  20:03  Battlecruiser  
  61  20:04  Battlecruiser x2  
  85  20:12  Missile Turret x2  
  84  20:16  Marine x2  
  84  20:17  Marine x3  
  68  20:22  SCV  
  68  20:26  SCV  
  63  20:34  Marine x4, SCV  
  68  20:38  SCV  
  68  20:42  Marine x3  
  66  20:46  SCV  
  67  20:50  Barracks  
  67  20:54  Barracks  
  66  20:58  SCV  
  66  20:59  SCV  
  66  21:00  Marine x3  
  62  21:17  Marine  
  62  21:18  Marine x2  
  53  21:30  SCV  
  54  21:38  Barracks  
  54  21:42  Barracks  
  54  21:50  Command Center  
  54  21:57  Command Center  
  54  22:07  Barracks Reactor x2  
  46  22:17  Supply Depot  
  46  22:27  Supply Depot  
  42  22:31  Supply Depot  
  41  22:40  Supply Depot  
  41  22:42  Terran Vehicle And Ship Armor Level 2  
  41  22:49  Marine x2, SCV  
  41  22:50  Supply Depot  
  45  22:54  Supply Depot  
  44  23:01  SCV  
  44  23:03  Barracks Reactor, Supply Depot  
  44  23:04  Barracks Reactor  
  44  23:05  Marine x4  
  46  23:13  SCV  
  46  23:14  Supply Depot, Bunker  
  46  23:17  Supply Depot  
  44  23:23  Marine x4  
  44  23:26  Supply Depot  
  47  23:41  Marine x2  
  34  23:43  Bunker  
  15  24:58  Terran Ship Weapons Level 2  
Show
View Real Time Build Order
Export as new Build Order

Ecrotoss Protoss 

Build Orders: Carriers 

Get SALT Encoding   

  12  0:02  Probe  
  13  0:14  Probe  
  14  0:25  Assimilator  
  14  0:26  Probe  
  15  0:34  Pylon  
  15  0:41  Pylon  
  15  0:52  Probe  
  16  1:00  Pylon  
  17  1:04  Probe  
  17  1:08  Pylon  
  17  1:12  Assimilator  
  17  1:16  Probe  
  18  1:26  Gateway  
  18  1:34  Forge  
  18  1:41  Probe  
  19  1:53  Probe (Chrono Boost)  
  20  2:05  Probe (Chrono Boost)  
  21  2:13  Probe (Chrono Boost)  
  21  2:14  Zealot  
  24  2:19  Probe  
  24  2:22  Cybernetics Core  
  25  2:26  Cybernetics Core  
  25  2:46  Zealot (Chrono Boost)  
  27  2:55  Protoss Ground Weapons Level 1  
  27  3:05  Zealot  
  27  3:08  Twilight Council  
  29  3:14  Gateway  
  29  3:28  Nexus  
  29  3:32  Zealot  
  31  3:59  Stalker  
  31  4:02  Pylon  
  33  4:05  Pylon  
  33  4:07  Pylon  
  35  4:20  Sentry  
  35  4:29  Stalker  
  37  4:39  Blink  
  37  4:44  Probe  
  38  4:46  Stalker  
  40  4:55  Probe  
  40  4:56  Probe  
  40  4:59  Zealot  
  44  5:17  Zealot  
  46  5:45  Probe  
  47  5:52  Protoss Ground Weapons Level 2  
  47  5:57  Probe  
  48  6:06  Stargate  
  48  6:09  Probe, Protoss Air Weapons Level 1  
  48  6:11  Protoss Air Armor Level 1  
  49  6:14  Stargate  
  49  6:21  Probe  
  49  6:23  Stargate  
  50  6:33  Probe, Assimilator  
  50  6:35  Assimilator  
  51  6:53  Zealot  
  53  6:54  Stalker  
  53  7:01  Probe x2  
  57  7:13  Probe  
  58  7:20  Zealot  
  60  7:24  Stalker  
  54  8:12  Void Ray x3, Charge  
  54  8:30  Robotics Facility  
  54  8:37  Fleet Beacon  
  54  8:44  Shield Battery  
  54  8:49  Photon Cannon  
  54  8:55  Zealot  
  56  8:56  Zealot  
  56  9:00  Protoss Ground Weapons Level 3  
  58  9:05  Void Ray  
  58  9:15  Probe  
  63  9:22  Zealot  
  63  9:23  Zealot  
  67  9:28  Probe  
  68  9:49  Zealot  
  68  9:50  Zealot  
  72  10:05  Carrier x2  
  84  11:00  Zealot  
  86  11:08  Pylon  
  86  11:10  Pylon, Warp Gate  
  86  11:15  Pylon  
  86  11:26  Zealot, Carrier  
  86  11:28  Probe, Zealot  
  86  11:29  Protoss Air Weapons Level 2  
  97  11:36  Pylon  
  97  11:40  Probe  
  97  11:41  Pylon  
  98  11:52  Probe  
  98  11:53  Zealot  
  101  11:55  Zealot  
  103  12:04  Probe  
  104  12:19  Zealot (Chrono Boost)  
  104  12:21  Zealot (Chrono Boost)  
  108  12:36  Carrier x2 (Chrono Boost)  
  108  12:37  Zealot (Chrono Boost)  
  108  12:39  Zealot  
  124  12:54  Flux Vanes  
  124  12:58  Protoss Ground Armor Level 1  
  124  13:04  Zealot  
  126  13:07  Protoss Air Armor Level 2  
  120  14:16  Carrier  
  126  14:30  Carrier  
  126  14:31  Carrier  
  94  15:02  Pylon  
  94  15:05  Pylon  
  94  15:11  Stalker  
  96  15:14  Protoss Air Weapons Level 3  
  96  15:15  Stalker  
  96  15:20  Photon Cannon  
  98  15:22  Photon Cannon  
  98  15:32  Pylon  
  98  15:49  Pylon  
  98  16:00  Photon Cannon  
  98  16:02  Photon Cannon  
  98  16:11  Photon Cannon  
  98  16:13  Photon Cannon  
  98  16:49  Warp Prism  
  100  17:25  Observer  
  100  17:28  Carrier  
  107  17:46  Observer  
  108  18:26  Nexus  
  55  19:01  Stalker  
  57  19:04  Stalker  
  30  20:16  Pylon  
  30  20:20  Pylon  
  30  20:34  Probe  
  31  20:39  Pylon  
  31  20:42  Pylon  
  31  20:46  Probe  
  32  20:59  Probe  
  32  21:02  Gateway  
  32  21:03  Gateway  
  33  21:05  Gateway  
  33  21:11  Probe  
  34  21:23  Probe  
  35  21:45  Gateway  
  35  21:46  Gateway  
  35  21:52  Gateway  
  35  22:00  Gateway  
  35  22:05  Pylon  
  35  22:15  Zealot x2  
  37  22:16  Zealot  
  41  22:28  Forge  
  41  22:30  Forge  
  41  22:31  Forge  
  41  22:48  Zealot x4  
  41  22:49  Zealot x2  
  53  22:55  Zealot  
  55  23:06  Pylon  
  55  23:08  Pylon  
  55  23:09  Pylon  
  55  23:12  Pylon  
  55  23:15  Probe  
  56  23:23  Zealot x3  
  56  23:24  Zealot x3  
  56  23:25  Zealot  
  70  23:49  Zealot  
  70  23:50  Zealot x6  
  84  24:41  Zealot x6  
  84  24:42  Zealot  
  92  24:49  Protoss Shields Level 1  
  86  25:02  Cybernetics Core  
  84  25:39  Stalker x2  
  84  25:40  Stalker x3  
  94  25:45  Pylon  
  94  25:47  Pylon  
  82  25:50  Pylon x2  
  44  26:09  Stalker x4  
  52  26:11  Zealot  
  52  26:12  Zealot x2  
  54  26:46  Zealot x2  
  54  26:47  Zealot  
  60  26:48  Stalker x4  
  68  27:06  Twilight Council  
  68  27:14  Zealot x4  
  68  27:15  Zealot x3  
  82  27:56  Zealot x2  
  82  27:57  Zealot x5  
  36  28:23  Zealot x3  
  36  28:24  Zealot x4  
  35  28:45  Zealot x4  
  35  28:46  Stalker x2  
  35  28:47  Stalker  
  24  29:07  Zealot  
  24  29:08  Zealot x2  
Show
View Real Time Build Order
Export as new Build Order

SneakyWolfe Terran 

Build Orders:  

Get SALT Encoding   

  12  0:42  Command Center  
  12  0:50  SCV  
  13  1:24  Refinery  
  13  1:49  Command Center  
  13  1:51  Refinery  
  13  2:08  Supply Depot  
  13  2:09  Supply Depot  
  13  2:24  Supply Depot  
  13  2:47  SCV  
  14  2:59  SCV  
  14  3:03  SCV  
  16  3:21  SCV  
  16  3:23  SCV  
  18  3:33  SCV  
  19  3:36  SCV  
  20  4:16  Barracks  
  20  4:21  Engineering Bay  
  20  4:41  SCV  
  20  4:43  SCV  
  22  4:53  SCV  
  22  4:55  SCV  
  24  5:07  Marine  
  25  5:25  Marine  
  26  5:42  Marine  
  26  5:47  Ghost Academy  
  27  5:57  Factory  
  20  7:17  Marine  
  20  7:21  Hellion  
  11  7:35  Marine  
  11  7:42  Hellion  
  12  7:53  Marine  
  10  8:04  Hellion  
  12  8:11  Marine  
  13  8:15  Command Center  
  13  8:25  Hellion  
  15  8:29  Marine  
  16  8:35  Command Center  
  16  8:46  Hellion  
  16  8:47  Supply Depot  
  18  8:49  SCV  
  19  8:57  Supply Depot  
  19  9:01  SCV  
  20  9:10  Supply Depot  
  20  9:13  SCV  
  17  9:25  SCV  
  17  9:37  SCV  
  18  9:41  SCV  
  19  9:49  SCV  
  20  9:53  SCV  
  21  10:01  SCV  
  21  10:05  SCV  
  23  10:13  SCV, Refinery  
  24  10:17  SCV  
  25  10:23  Refinery  
  25  10:25  SCV  
  26  10:29  SCV  
  27  11:00  SCV  
  27  11:01  SCV  
  29  11:12  Barracks Tech Lab, SCV  
  29  11:13  SCV  
  29  11:18  Factory Tech Lab  
  31  11:24  SCV  
  31  11:25  SCV  
  33  11:36  SCV  
  33  11:37  SCV  
  35  11:47  Nuke  
  35  11:48  SCV  
  35  11:49  SCV  
  37  12:19  Engineering Bay  
  37  12:33  Ghost  
  39  13:15  Ghost  
  30  13:43  Ghost  
  32  14:28  Bunker  
  32  14:43  Sensor Tower  
  32  14:56  Armory  
  31  15:41  Command Center  
  26  15:48  Hellbat  
  28  16:09  Hellbat  
  28  16:10  Supply Depot  
  30  16:20  Supply Depot  
  30  16:23  Supply Depot  
  30  16:31  Hellbat  
  32  16:52  Hellbat  
  32  17:08  Command Center  
  32  17:14  Hellbat  
  29  17:35  Hellbat  
  31  17:42  Personal Cloaking  
  31  17:56  Hellbat  
  33  18:18  Hellbat  
  35  18:29  Terran Vehicle Weapons Level 1  
  35  18:39  Hellbat  
  35  19:00  Thor  
  23  19:27  Thor  
  23  19:43  Thor  
  29  20:23  Terran Ship Weapons Level 1  
  29  20:26  Thor  
  28  22:18  Terran Vehicle And Ship Armor Level 1  
Show
View Real Time Build Order
Export as new Build Order

drnavorious Terran - Winner!

Build Orders: Command Center First (CC) 

Get SALT Encoding   

  12  0:02  SCV  
  13  0:16  Refinery  
  13  0:27  SCV, Refinery  
  14  0:39  SCV  
  15  1:00  Supply Depot  
  15  1:22  SCV  
  16  1:30  Supply Depot  
  16  1:34  SCV  
  17  1:46  SCV  
  18  1:57  Command Center  
  18  1:58  SCV  
  19  2:10  SCV  
  19  2:13  Supply Depot  
  20  2:22  SCV  
  21  2:33  Barracks  
  21  2:44  SCV  
  22  2:54  Supply Depot  
  22  2:56  SCV  
  23  3:11  SCV  
  24  3:13  Engineering Bay  
  24  3:23  SCV  
  25  3:30  Marine  
  26  3:35  SCV  
  26  3:41  Barracks  
  27  3:48  Marine  
  27  3:49  SCV  
  29  4:01  Supply Depot, SCV  
  30  4:06  Marine  
  31  4:13  SCV  
  32  4:24  Marine  
  32  4:26  SCV  
  32  4:31  Missile Turret  
  34  4:33  Planetary Fortress  
  34  4:38  SCV  
  35  4:42  Marine  
  36  4:50  SCV  
  37  4:54  Bunker  
  37  4:58  Bunker  
  37  5:02  SCV  
  37  5:04  Ghost Academy  
  38  5:13  Command Center  
  38  5:14  SCV  
  39  5:21  Supply Depot  
  39  5:26  SCV  
  40  5:42  Missile Turret  
  40  5:44  Missile Turret  
  40  5:52  Missile Turret  
  40  5:58  Supply Depot  
  40  6:00  SCV  
  41  6:12  Marine, SCV  
  41  6:16  Marine  
  44  6:24  SCV  
  45  6:30  Marine  
  46  6:34  Marine  
  46  6:36  SCV  
  48  6:48  Marine, SCV  
  48  6:52  Marine  
  51  7:00  SCV  
  52  7:01  Factory  
  52  7:06  Marine  
  52  7:07  Supply Depot  
  53  7:09  Marine  
  53  7:12  SCV  
  55  7:24  Marine, Missile Turret, SCV  
  55  7:28  Marine  
  58  7:36  SCV  
  59  7:42  Marine  
  60  7:46  Marine  
  60  7:49  SCV  
  62  7:59  Marine  
  62  8:04  Marine  
  64  8:09  SCV  
  65  8:17  Marine  
  66  8:21  SCV  
  66  8:22  Marine  
  68  8:33  SCV  
  69  8:34  Supply Depot  
  69  8:35  Marine  
  69  8:39  Marine, Supply Depot  
  71  8:43  Supply Depot  
  71  8:45  SCV  
  72  8:53  Marine  
  73  8:57  Marine  
  73  8:58  SCV  
  73  9:00  Starport  
  73  9:01  Widow Mine  
  77  9:11  Reaper  
  77  9:15  Marine  
  79  9:22  Widow Mine  
  81  9:32  Orbital Command  
  81  9:33  Marine  
  82  9:40  Command Center  
  82  9:42  Viking  
  82  9:43  Marine, Widow Mine  
  87  9:51  Marine  
  88  9:58  Barracks  
  88  10:01  Marine  
  89  10:08  Marine  
  89  10:12  Viking  
  92  10:16  Supply Depot  
  92  10:18  Marine, Supply Depot  
  93  10:26  Marine  
  94  10:36  Marine  
  94  10:42  Viking  
  97  10:44  Marine  
  98  10:54  Marine  
  99  11:02  Marine  
  100  11:12  Marine, Viking  
  103  11:20  Marine  
  104  11:30  Marine  
  104  11:31  Factory Reactor  
  105  11:42  Viking  
  107  12:08  SCV  
  108  12:12  Viking  
  110  12:20  Supply Depot x2, SCV  
  111  12:23  Supply Depot  
  111  12:26  Marine  
  111  12:29  Marine  
  113  12:32  SCV  
  114  12:42  Liberator  
  114  12:43  Marine  
  118  12:44  SCV  
  118  12:46  Marine  
  120  12:55  SCV  
  120  12:56  SCV  
  122  13:01  Marine  
  122  13:04  Marine  
  124  13:07  SCV  
  125  13:19  Marine  
  127  13:20  SCV  
  127  13:22  Marine, Factory  
  127  13:25  Liberator  
  131  13:28  Fusion Core  
  131  13:32  SCV  
  132  13:37  Marine  
  132  13:40  Marine  
  134  13:44  SCV  
  135  13:56  Missile Turret, SCV  
  135  14:00  Missile Turret  
  136  14:08  Viking, Missile Turret, SCV  
  139  14:13  Missile Turret  
  139  14:15  Missile Turret  
  139  14:19  Missile Turret  
  139  14:23  Missile Turret  
  139  14:25  Missile Turret  
  139  14:29  Missile Turret  
  139  14:36  Marine  
  139  14:37  Viking  
  139  14:38  Marine  
  143  14:54  Marine  
  143  14:56  Marine  
  145  15:07  Viking  
  145  15:12  Marine  
  145  15:14  Marine  
  149  15:23  Missile Turret  
  149  15:24  Weapon Refit  
  149  15:29  Marine, Widow Mine  
  149  15:31  Marine  
  153  15:37  Viking  
  155  15:50  Widow Mine  
  155  15:53  Missile Turret  
  157  15:57  Missile Turret  
  157  16:01  Missile Turret  
  157  16:02  Missile Turret  
  157  16:07  Viking  
  159  16:11  Widow Mine  
  161  16:23  Supply Depot  
  161  16:24  Supply Depot  
  161  16:28  Supply Depot  
  161  16:33  Widow Mine  
  161  16:37  Viking  
  165  16:44  Barracks Reactor  
  165  16:54  Widow Mine  
  167  17:04  Rapid Reignition System  
  167  17:07  Viking  
  171  17:16  Widow Mine  
  171  17:19  SCV  
  172  17:31  SCV  
  175  17:37  Viking, Widow Mine  
  175  17:38  Engineering Bay  
  175  17:43  SCV  
  178  17:50  Fusion Core  
  178  17:55  SCV  
  179  18:07  Viking  
  155  18:37  Viking  
  111  19:07  Liberator  
  95  19:47  Advanced Ballistics  
  95  19:50  Liberator  
  98  19:53  Marine x2  
  98  19:55  Marine  
  101  20:05  Refinery  
  101  20:08  Refinery  
  101  20:11  Marine x2  
  101  20:13  Marine  
  106  20:21  Widow Mine  
  106  20:28  Marine  
  106  20:29  Marine  
  106  20:31  Marine  
  106  20:33  Liberator  
  114  20:43  Widow Mine  
  114  20:49  Marine, Factory  
  115  20:51  Marine  
  115  20:54  Marine x2  
  120  21:04  Widow Mine  
  120  21:07  Marine  
  120  21:09  Marine, Barracks  
  122  21:12  Marine x2  
  122  21:14  Barracks  
  122  21:15  Liberator  
  127  21:20  Barracks  
  127  21:22  Barracks  
  129  21:25  Widow Mine  
  129  21:27  Marine  
  129  21:30  Marine  
  129  21:32  Command Center  
  131  21:42  Starport  
  131  21:45  Marine  
  131  21:46  Widow Mine  
  134  21:47  Widow Mine  
  136  21:56  Ghost Academy  
  136  21:57  Marine x2  
  136  21:58  Liberator  
  141  22:02  Marine  
  141  22:05  Personal Cloaking  
  141  22:08  Widow Mine  
  144  22:09  Widow Mine  
  144  22:15  Marine x2  
  148  22:20  Marine  
  149  22:29  Widow Mine  
  151  22:30  Widow Mine  
  151  22:33  Marine x2  
  155  22:38  Marine  
  156  22:50  Marine x2  
  156  22:51  Widow Mine  
  160  22:52  Widow Mine  
  160  22:56  Marine  
  163  23:06  Marine x2  
  163  23:11  Barracks Tech Lab  
  165  23:26  Barracks Reactor  
  165  24:07  Marine x2  
  165  24:09  Marine  
  168  24:17  Barracks Reactor  
  168  24:24  Marine, Barracks Reactor  
  168  24:25  Marine  
  168  24:27  Marine  
  171  24:42  Marine x2  
  171  24:45  Marine  
  174  25:00  Marine x2  
  174  25:02  Marine  
  177  25:39  Marine  
  177  25:42  Marine x2  
  180  25:45  Marine  
  152  25:57  Marine  
  152  26:00  Marine x2  
  152  26:03  Marine  
  142  26:04  Marauder  
  142  26:06  Marine  
  142  26:07  Marine x5  
  150  26:15  Marine  
  150  26:18  Marine x2  
  153  26:21  Marine  
  153  26:24  Marine x2  
  153  26:25  Marine x4  
  160  26:26  Marauder  
  142  26:33  Marine  
  142  26:35  Marine  
  142  26:36  Marine, Enhanced Shockwaves  
  142  26:39  Marine  
  129  26:42  Marine x2  
  129  26:43  Marine x2, Starport Reactor  
  130  26:47  Marauder  
  130  26:51  Marine  
  133  26:56  Marine  
  133  26:57  Marine x2  
  133  27:00  Marine x2  
  133  27:01  Marine  
  137  27:02  Marine  
  138  27:09  Marauder  
  138  27:15  Marine x2  
  141  27:18  Marine x3  
  141  27:20  Marine  
  146  27:30  Marauder  
  146  27:33  Marine x2  
  146  27:36  Marine x3  
  153  27:38  Marine  
  154  27:48  Supply Depot  
  154  27:51  Marine x3  
  156  27:53  Marine  
  156  27:54  Marine x2  
  156  27:55  Nuke  
  156  27:56  Marine  
  161  28:08  Marine  
  161  28:09  Marine x2  
  161  28:11  Marine x2  
  161  28:12  Marine  
  167  28:14  Marine  
  170  28:27  Marauder  
  170  28:48  Marine  
Show
View Real Time Build Order
Export as new Build Order

CBagRun Zerg - Winner!

Build Orders: Pool First 

Get SALT Encoding   

  12  0:08  Overlord  
  12  0:33  Spawning Pool  
  11  0:38  Evolution Chamber  
  11  0:40  Drone  
  11  0:41  Drone  
  12  1:09  Drone x3  
  15  1:22  Zergling x2  
  15  1:24  Queen  
  18  1:50  Hatchery  
  18  1:51  Extractor  
  16  2:17  Extractor  
  16  2:18  Drone x2  
  16  2:19  Drone  
  18  2:24  Queen  
  20  2:31  Zergling x2  
  21  2:48  Metabolic Boost  
  21  2:52  Zergling x2  
  21  2:55  Overlord  
  21  2:56  Overlord  
  22  3:11  Zergling x2  
  23  3:21  Zergling x4  
  23  3:25  Zerg Ground Armor Level 1  
  25  3:33  Zergling x2  
  25  3:34  Zergling x2  
  27  3:40  Drone  
  28  3:44  Drone  
  29  3:51  Zergling x2  
  30  4:16  Drone  
  32  4:17  Drone x4  
  32  4:22  Drone  
  36  5:16  Zergling x6  
  36  5:17  Zergling x10  
  36  5:21  Overlord x3  
  43  5:50  Drone x3  
  43  5:55  Drone x3  
  49  6:05  Zergling x2  
  49  6:08  Zergling x8  
  54  6:12  Zerg Melee Weapons Level 1  
  54  6:39  Drone x4  
  59  6:40  Drone  
  59  6:47  Zergling x2  
  59  6:48  Zergling x8  
  59  6:53  Overlord  
  63  7:50  Zergling x2  
  63  7:51  Zergling x12  
  67  7:52  Zergling x2  
  67  7:53  Zergling x2  
  61  8:06  Zerg Missile Weapons Level 1  
  60  8:21  Zergling x4  
  62  8:27  Zergling x2  
  62  8:28  Zergling x8  
  67  8:40  Lair  
  65  9:45  Zergling x6  
  66  9:50  Overlord  
  66  9:51  Overlord x3  
  67  10:23  Zergling x2  
  67  10:24  Zergling x10  
  71  10:56  Zergling x2  
  72  10:57  Zergling x16  
  72  11:00  Zergling x10  
  85  11:11  Zerg Ground Armor Level 2  
  85  11:12  Baneling Nest  
  85  11:15  Zergling x6  
  87  11:19  Overlord x2  
  87  11:30  Zergling x2  
  87  11:31  Zergling x2  
  75  12:24  Centrifugal Hooks  
  75  12:33  Zergling x10  
  75  12:34  Zergling x8  
  75  12:36  Zergling x2  
  87  12:37  Zergling x18  
  79  13:27  Zerg Missile Weapons Level 2  
  58  13:36  Zergling x16  
  66  13:44  Zergling x16  
  75  13:55  Zergling x2  
  75  14:12  Hatchery  
  75  14:16  Zergling x2  
  75  14:17  Zergling x8  
  75  14:18  Hatchery  
  75  14:19  Hatchery  
  75  14:22  Queen  
  75  14:23  Queen  
  79  14:49  Baneling x5  
  79  14:50  Baneling x5  
  79  14:51  Baneling x22  
  79  14:52  Baneling x28  
  79  14:53  Baneling x12  
  79  14:57  Zergling x6  
  79  14:58  Zergling x4  
  84  15:04  Zergling x6  
  84  15:05  Zergling x8  
  77  15:42  Zerg Melee Weapons Level 2  
  77  15:48  Zergling x4  
  79  16:00  Zergling x4  
  79  16:01  Zergling x4  
  79  16:02  Zergling x4  
  79  16:04  Zergling x12  
  91  16:14  Zergling x20  
  91  16:15  Zergling x2  
  91  16:16  Zergling x4  
  91  16:17  Zergling x2  
  105  16:19  Zergling x2  
  105  16:20  Zergling x4  
  105  16:21  Zergling x2  
  90  17:16  Zergling x10  
  90  17:18  Zergling x14  
  99  17:25  Zergling x2  
  99  17:26  Zergling x8  
  99  17:29  Zergling x6  
  107  17:34  Queen  
  106  18:36  Baneling  
  106  18:37  Baneling x4  
  89  18:51  Zergling x16  
  89  18:52  Zergling x2  
  89  18:53  Zergling x16  
  89  18:54  Zergling x4  
  89  18:55  Zergling x4  
  106  18:56  Zergling x8  
  105  19:12  Baneling x2  
  105  19:13  Baneling x2  
  102  19:30  Baneling  
  102  19:31  Baneling x4  
  100  19:35  Overlord  
  100  19:36  Overlord x2  
  100  19:38  Zergling x6  
  102  19:39  Zergling x4  
  102  19:40  Drone, Zergling x6  
  108  20:13  Baneling x3  
  108  20:14  Baneling x5  
  99  20:15  Baneling x2  
  99  20:20  Baneling x3  
  99  20:21  Baneling x2  
  91  20:31  Baneling x2  
  88  20:39  Baneling x2  
  88  20:42  Zergling x6  
  73  20:54  Baneling x2  
  63  21:15  Baneling  
  63  21:16  Baneling x2  
  60  21:41  Baneling  
  60  21:57  Zergling x2  
  60  21:58  Zergling x6  
  60  21:59  Zergling x4  
  64  22:03  Zergling x2  
  64  22:04  Zergling x2  
  58  22:54  Baneling  
  58  22:55  Baneling x3  
  58  22:56  Baneling x13  
  51  23:55  Zergling x2  
  51  23:56  Zergling x4  
  51  23:57  Zergling x6  
  51  23:59  Zergling x6  
  56  24:25  Zergling x2  
  56  24:26  Zergling x2  
  58  24:38  Zergling x6  
  44  28:27  Zergling x2  
  44  28:28  Zergling x10  
Show
View Real Time Build Order
Export as new Build Order

HORSES Zerg - Winner!

Build Orders: Hatch First 

Get SALT Encoding   

  12  0:13  Drone x2  
  14  0:33  Overlord x2  
  14  1:01  Drone x3  
  17  1:22  Hatchery  
  17  1:24  Drone x2  
  18  1:40  Spawning Pool  
  18  1:41  Drone  
  18  1:45  Extractor  
  17  1:48  Drone  
  18  1:56  Drone  
  19  2:07  Drone  
  20  2:16  Drone  
  21  2:27  Overlord  
  21  2:32  Queen  
  21  2:35  Queen  
  25  2:40  Drone  
  25  2:43  Drone  
  27  2:48  Overlord  
  27  2:52  Overlord  
  27  3:08  Lair  
  27  3:11  Queen  
  29  3:15  Drone x2  
  31  3:33  Extractor  
  30  3:36  Drone  
  30  3:40  Drone  
  32  3:46  Queen  
  32  3:47  Drone x3  
  38  4:02  Drone  
  38  4:03  Drone  
  38  4:05  Metabolic Boost  
  39  4:10  Drone x2  
  39  4:12  Drone  
  39  4:13  Drone x2  
  44  4:20  Infestation Pit  
  43  4:32  Extractor  
  42  4:44  Drone x2  
  42  4:45  Drone x4  
  48  4:49  Drone x2  
  50  4:56  Overlord  
  52  5:00  Overlord  
  52  5:04  Lair  
  50  5:44  Overlord x2  
  50  5:45  Overlord x3  
  50  5:50  Spire  
  50  5:57  Evolution Chamber  
  48  6:00  Hive  
  48  6:03  Hive  
  48  6:06  Drone  
  48  6:08  Drone  
  50  6:27  Zerg Missile Weapons Level 1  
  50  6:32  Drone x2  
  52  6:53  Extractor  
  51  6:56  Drone x2  
  51  7:00  Zergling x10  
  51  7:01  Zergling x4  
  60  7:04  Zergling x4  
  60  7:05  Zergling x10  
  53  7:50  Zergling x10  
  53  7:51  Zergling x4  
  56  7:54  Zergling x12  
  52  8:21  Zerg Ground Armor Level 1  
  52  8:31  Drone x3  
  55  8:51  Queen  
  57  8:56  Zerg Flyer Armor Level 1  
  57  8:59  Spire  
  56  9:08  Hydralisk Den  
  55  9:10  Corruptor x3  
  61  9:59  Corruptor x7  
  75  10:12  Greater Spire  
  75  10:15  Zerg Melee Weapons Level 1  
  75  10:16  Grooved Spines  
  75  10:22  Adrenal Glands  
  75  10:26  Zergling x4  
  75  10:27  Zergling x4  
  79  10:29  Zergling x2  
  79  10:30  Zergling x10  
  85  10:50  Zerg Flyer Weapons Level 1  
  85  10:55  Drone x3  
  88  10:57  Drone  
  88  10:58  Drone x3  
  92  11:22  Hatchery  
  91  11:27  Muscular Augments  
  91  11:28  Corruptor x2  
  91  11:29  Corruptor x4  
  103  11:37  Overlord x5  
  103  11:48  Evolution Chamber  
  102  12:09  Zerg Missile Weapons Level 2  
  102  12:18  Corruptor x5  
  112  12:36  Queen  
  114  12:38  Corruptor  
  116  13:06  Drone x2  
  116  13:12  Extractor  
  117  13:16  Extractor  
  116  13:26  Zerg Flyer Weapons Level 2  
  116  13:27  Zerg Flyer Armor Level 2  
  116  13:32  Zerg Melee Weapons Level 2  
  116  13:40  Corruptor  
  118  13:54  Drone  
  119  13:56  Zergling x8  
  119  13:57  Zergling x14  
  119  14:01  Zergling x2  
  119  14:02  Zergling x12  
  137  14:03  Zergling x8  
  141  14:13  Roach Warren  
  140  14:25  Zerg Ground Armor Level 2  
  111  14:44  Drone x4  
  111  14:45  Drone x5  
  120  15:24  Zergling x8  
  120  15:25  Zergling x14  
  131  15:44  Corruptor  
  133  15:50  Glial Reconstitution  
  133  15:53  Zerg Flyer Weapons Level 3  
  133  15:54  Zerg Flyer Armor Level 3  
  133  15:57  Zerg Melee Weapons Level 3  
  133  16:14  Corruptor  
  133  16:15  Corruptor x2  
  139  16:23  Drone x3  
  142  16:34  Hatchery  
  141  16:41  Zerg Missile Weapons Level 3  
  93  24:12  Drone x2  
  93  24:13  Drone  
  96  24:17  Zergling x2  
  96  24:18  Zergling x4  
  95  24:32  Roach x5  
  95  24:33  Roach x8  
  95  24:34  Roach x6  
  129  25:39  Roach x2  
  129  25:40  Roach x7  
  137  26:08  Roach x4  
  147  26:11  Roach x4  
  147  26:12  Roach  
  153  27:27  Overlord x6  
  153  27:31  Overlord x3  
  153  28:01  Corruptor x2  
  153  28:02  Corruptor x5  
  157  28:32  Roach x5  
  157  28:33  Roach x5  
Tags
 
Add a new tag
Caveats
  • Supply blocks, unpowered buildings, or Contaminate may cause inaccurate times.
  • Supply counts are checked every 10 seconds.